 Dungeon Crawl Stone Soup version 0.29-a0-582-ge82337ba6a (webtiles) character file.

Game seed: 6160974470360964552

736 avis the Shooter (level 7, -1/56 HPs)
             Began as a Demigod Hunter on June 15, 2022.
             Slain by an orc warrior
             ... wielding a +0 mace
              (8 damage)
             ... on level 5 of the Dungeon.
             The game lasted 00:26:13 (4416 turns).

avis the Shooter (Demigod Hunter)                   Turns: 4416, Time: 00:26:13

Health: -1/56      AC:  5    Str: 12    XL:     7   Next: 21%
Magic:  11/11      EV: 13    Int: 16    God:
Gold:   160        SH:  0    Dex: 25    Spells: 6/8 levels left

rFire   . . .      SeeInvis .   a - +2 shortbow (vorpal)
rCold   . . .      Faith    .   (shield currently unavailable)
rNeg    . . .      Spirit   .   v - +2 robe "Ixauxt" {Int+5}
rPois   .          Reflect  .   e - +0 helmet
rElec   .          Harm     .   (no cloak)
rCorr   .          Rampage  .   (no gloves)
Will    .....                   (no boots)
Stlth   +++.......              (no amulet)
HPRegen 0.18/turn               (no ring)
MPRegen 0.12/turn               (no ring)

@: no status effects
A: high MP 1, forlorn, divine attributes
a: no special abilities


You were on level 5 of the Dungeon.
You visited 1 branch of the dungeon, and saw 5 of its levels.

You collected 328 gold pieces.
You spent 168 gold pieces at shops.

Inventory:

Hand Weapons
 a - a +2 vorpal shortbow (weapon)
 b - a +1 war axe of electrocution
 m - a +0 short sword
 r - a +0 hunting sling
 t - a +1 shortbow
 w - a +4 dagger
Missiles
 q - 11 poisoned darts
 s - a boomerang
 z - 4 javelins
Armour
 e - a +0 helmet (worn)
 v - the +2 robe "Ixauxt" (worn) {Int+5}
   (You found it on level 3 of the Dungeon)

   Int:       It affects your intelligence (+5).
 C - a +0 leather armour
Scrolls
 c - 4 scrolls of immolation
 f - 5 scrolls of identify {unknown}
 g - a scroll of vulnerability {unknown}
 j - 2 scrolls of magic mapping {unknown}
 n - a scroll of teleportation {unknown}
 o - 2 scrolls of blinking {unknown}
 u - a scroll of fear {unknown}
 x - a scroll of noise {unknown}
 y - a scroll of acquirement {unknown}
 A - 2 scrolls of fog {unknown}
 B - a scroll of torment {unknown}
Potions
 d - 3 potions of heal wounds {unknown}
 h - 2 potions of lignification {unknown}
 i - a potion of degeneration {unknown}
 k - 5 potions of curing {unknown}
 l - a potion of berserk rage
 p - 2 potions of attraction {unknown}
 D - a potion of mutation {unknown}
 E - a potion of ambrosia {unknown}


   Skills:
 * Level 2.6 Fighting
 * Level 7.5 Bows
 - Level 1.7 Dodging
 - Level 3.0 Stealth
 - Level 1.0 Spellcasting
 - Level 1.0 Translocations


You had 6 spell levels left.
You knew the following spells:

 Your Spells              Type           Power      Damage    Failure   Level
b - Blink                 Tloc           8%         N/A       22%         2

Your spell library contained the following spells:

 Spells                   Type           Power      Damage    Failure   Level
 Sandblast                Erth           0%         2d4       22%         1
 Passwall                 Tmut/Erth      0%         N/A       34%         2
 Lesser Beckoning         Tloc           4%         N/A       41%         3
 Frozen Ramparts          Ice            0%         1d2       56%         3
 Ignite Poison            Fire/Tmut/Pois 0%         N/A       56%         3
 Mephitic Cloud           Conj/Pois/Air  0%         N/A       56%         3
 Stone Arrow              Conj/Erth      0%         3d7       56%         3
 Ice Form                 Ice/Tmut       0%         N/A       92%         4
 Summon Ice Beast         Ice/Summ       0%         N/A       92%         4
 Freezing Cloud           Conj/Ice/Air   0%         6-21      99%         5
 Manifold Assault         Tloc           4%         N/A       99%         5


Dungeon Overview and Level Annotations

Branches:
Dungeon (5/15)
 Temple: D:4-7

Shops:
D:1 *   D:3 (


Innate Abilities, Weirdness & Mutations

You have an increased reservoir of magic. (+10% MP)
You shall have no god before yourself.
Your divine heritage dramatically boosts your attributes as you level up.


Message History

A lemure comes into view.
The orc warrior attacks as you move away!
The orc warrior hits you with a +0 mace.
The orc warrior attacks as you move away!
The orc warrior closely misses you.
Shoot: a) +2 shortbow (vorpal)
Press: ? - help, Q - select action, (/) - cycle Shift-Dir - straight line, f - orc warrior
Aim: an orc warrior, wielding a +0 mace and wearing a +3 chain mail (severely wounded, 67% to hit)
You shoot an arrow.
The arrow hits the orc warrior but does no damage.
The orc warrior is severely wounded.
The orc warrior barely misses you.
The orc warrior attacks as you move away!
The orc warrior misses you.
The orc warrior attacks as you move away!
The orc warrior hits you with a +0 mace!
The orc warrior attacks as you move away!
The orc warrior hits you with a +0 mace!
* * * LOW HITPOINT WARNING * * *
The orc warrior attacks as you move away!
The orc warrior barely misses you.
Shoot: a) +2 shortbow (vorpal)
Press: ? - help, Q - select action, (/) - cycle Shift-Dir - straight line, f/p - orc warrior
Aim: an orc warrior, wielding a +0 mace and wearing a +3 chain mail (heavily wounded, 67% to hit)
You shoot an arrow.
The arrow closely misses the orc warrior.
The arrow hits the lemure.
The lemure is moderately wounded.
The orc warrior hits you with a +0 mace.
* * * LOW HITPOINT WARNING * * *
The lemure barely misses you. The orc warrior closely misses you.
Casting: Blink (safe; 22% risk of failure)
Confirm with . or Enter, or press ? or * to list all spells.
Okay, then.
The lemure attacks as you move away! The lemure misses you.
The orc warrior attacks as you move away!
The orc warrior closely misses you.
The orc warrior attacks as you move away!
The orc warrior hits you with a +0 mace!
You die...

.........#...#
#...####...##
.........#...# #...#
..## .........#...#
#...# ........##...#
#...# .......###...#
#5..# ........##...#
#...# ........##...#
#...# ........##...#
#5o.# ...)#...##...#
#@..#
....)..###...###...#
.##....###....#....#
.##.)..#.##...(...##
.....[...###.....##
....#....# ##...##
.........# #####
........## ........#


You could see an orc warrior and 2 lemures.

Vanquished Creatures
  A phantom (D:4)
  A necrophage (D:5)
  A gnoll shaman (D:5)
  3 orc priests
  2 hounds (D:5)
  Jessica (D:3)
  3 iguanas
  5 orc wizards
  6 adders
  4 gnolls (D:5)
  A worm (D:2)
  A dart slug (D:1)
  11 orcs
  10 ball pythons
  2 bats
  10 endoplasms
  A giant cockroach (D:1)
  7 goblins
  4 hobgoblins
  4 jackals (D:1)
  5 quokkas
  5 frilled lizards
  6 kobolds
  5 rats
99 creatures vanquished.

Notes
Turn   | Place    | Note
-------+----------+-------------------------------------------
     0 | D:1      | avis the Demigod Hunter began the quest for the Orb.
     0 | D:1      | Reached XP level 1. HP: 17/17 MP: 3/3
     5 | D:1      | Found Unoc's Assorted Antiques.
    22 | D:1      | Reached skill level 1 in Stealth
    88 | D:1      | Reached XP level 2. HP: 24/24 MP: 4/4
    96 | D:1      | Reached skill level 4 in Bows
   481 | D:2      | Reached XP level 3. HP: 29/29 MP: 5/5
  1398 | D:1      | Bought a glowing shortbow for 168 gold pieces
  1689 | D:3      | Reached XP level 4. HP: 36/36 MP: 6/6
  1721 | D:3      | Noticed Jessica
  1727 | D:3      | Killed Jessica
  1728 | D:3      | Reached skill level 5 in Bows
  1937 | D:3      | Identified the +2 robe "Ixauxt" {Int+5}
  1952 | D:3      | Learned a level 2 spell: Blink
  2040 | D:3      | Found Moshiet's Weapon Shoppe.
  2693 | D:4      | Reached XP level 5. HP: 15/41 MP: 7/7
  2706 | D:4      | Reached skill level 6 in Bows
  3170 | D:4      | Reached XP level 6. HP: 42/48 MP: 8/8
  3588 | D:4      | Reached skill level 1 in Translocations
  3833 | D:5      | Entered Level 5 of the Dungeon
  4089 | D:5      | Reached skill level 1 in Spellcasting
  4093 | D:5      | Reached skill level 7 in Bows
  4223 | D:5      | Reached XP level 7. HP: 55/55 MP: 11/11
  4416 | D:5      | Slain by an orc warrior

Illustrated notes

Levels and vault maps discovered:
D:1:      minmay_arrival_three_doors, layout_rooms, serial_shops,
          nicolae_shop_competitors_out_of_business, chequers_avenue
D:2:      layout_basic, guppyfry_early_orc_mine
D:3:      layout_basic, serial_shops, shop, uniq_jessica
D:4:      layout_basic, minitemple, minmay_fountain_box
D:5:      layout_cave_pods, minmay_temple_entry_poolview,
          corexii_item_surrounded_by_moat, minmay_misc_feat_enclosed,
          skrybe_limestone_x, nrook_uturn, uniq_pikel

Skill      XL: |  1  2  3  4  5  6 |
---------------+-------------------+-----
Stealth        | 1 2 3 |  3.0
Bows           | 4 5 6 7 |  7.5
Fighting       | 2 |  2.6
Translocations | 1 |  1.0
Spellcasting   | 1 |  1.0
Dodging        | |  1.7

Action                   |  1- 3 |  4- 6 |  7- 9 || total
-------------------------+-------+-------+-------++-------
Melee: Dagger            |       |    17 |       ||    17
 Fire: Shortbow          |   109 |   104 |    20 ||   233
  Use: Potion            |       |     2 |       ||     2
Armor: Leather armour    |     4 |       |       ||     4
       Robe              |       |    23 |     1 ||    24
Dodge: Dodged            |    20 |    25 |    10 ||    55

Table legend: (Time is in decaauts)
 A = Elapsed time spent in this place.
 B = Non-inter-level travel time spent in this place.
 C = Inter-level travel time spent in this place.
 D = Time resting spent in this place.
 E = Time spent auto-exploring this place.
 F = Levels seen in this place.
 G = Mean time per level.
                   A        B        C        D        E       F      G
               +--------+--------+--------+--------+--------+-----+--------+
         Total |   4484 |   4026 |    458 |    433 |   2693 |   5 |  896.8 |
       Dungeon |   4484 |   4026 |    458 |    433 |   2693 |   5 |  896.8 |
               +--------+--------+--------+--------+--------+-----+--------+

Top non-repeatable levels by time:
     D:3: 1232 daAuts
     D:2: 1169 daAuts
     D:4: 917 daAuts
     D:5: 599 daAuts
     D:1: 564 daAuts
